 Dungeon Crawl Stone Soup version 0.29.1-2-gbd0b4ee654 (webtiles) character file.

Game seed: 7153036886027751848

1835 GorkyZ the Trooper (level 8, -8/67 HPs)
             Began as a Demonspawn Fighter on Nov 20, 2022.
             Was an Initiate of Gozag.
             Succumbed to a kobold brigand's curare-tipped dart
             ... on level 7 of the Dungeon.
             The game lasted 00:25:23 (8060 turns).

GorkyZ the Trooper (Demonspawn Fighter)             Turns: 8060, Time: 00:25:24

Health: -8/67      AC: 18    Str: 25    XL:     8   Next: 87%
Magic:  8/8        EV: 13    Int: 10    God:    Gozag
Gold:   316        SH:  4    Dex: 12    Spells: 7/7 levels left

rFire   . . .      SeeInvis .   B - +1 halberd
rCold   . . .      Faith    .   (shield currently unavailable)
rNeg    . . .      Spirit   .   r - +0 chain mail
rPois   .          Reflect  .   (no helmet)
rElec   .          Harm     .   (no cloak)
rCorr   .          Rampage  .   (no gloves)
Will    .....                   y - +0 pair of boots
Stlth   ..........              (no amulet)
HPRegen 0.21/turn               A - +6 ring of strength
MPRegen 0.11/turn               q - ring of wizardry

@: agile, lethally poisoned (-8 -> -29), sanguine armoured, slowed, very slow
A: claws 1, powered by pain 1, sanguine armour 1, fangs 1, large bone plates 1,
shaggy fur 1, inability to drink after injury 1
a: Renounce Religion, Potion Petition, Call Merchant, Bribe Branch


You were on level 7 of the Dungeon.
You worshipped Gozag.
Gozag was aware of your devotion.
You visited 1 branch of the dungeon, and saw 7 of its levels.
You also visited: Sewer.

You collected 543 gold pieces.
You spent 130 gold pieces at shops.
You paid 97 gold pieces to Gozag.

Inventory:

Hand Weapons
 a - a +0 war axe
 e - a +1 spear
 o - a +0 spear
 B - a +1 halberd (weapon)
 C - a +0 hand axe of venom
Missiles
 k - 3 boomerangs (quivered)
Armour
 b - a +0 scale mail
 c - a +0 buckler
 r - a +0 chain mail (worn)
 y - a +0 pair of boots (worn)
Jewellery
 h - an amulet of magic regeneration
 q - a ring of wizardry (right claw)
 w - a ring of magical power
 x - a ring of ice
 A - a +6 ring of strength (left claw)
Scrolls
 f - 3 scrolls of amnesia
 j - 2 scrolls of vulnerability
 l - a scroll of noise
 m - 3 scrolls of enchant weapon
 n - 4 scrolls of identify
 t - 3 scrolls of blinking
 E - a scroll of summoning
Potions
 d - 4 potions of might
 g - 3 potions of curing
 i - 4 potions of degeneration
 p - a potion of heal wounds
 u - 4 potions of flight


   Skills:
 + Level 7.2 Fighting
 - Level 2.0 Axes
 + Level 5.8 Throwing
 + Level 6.6 Armour
 - Level 2.9 Shields


You had 7 spell levels left.
You didn't know any spells.
Your spell library contained the following spells:

 Spells                   Type           Power      Damage    Failure   Level
 Sting                    Tmut/Pois      0%         1d3       63%         1
 Leda's Liquefaction      Hex/Erth       0%         N/A       100%        4
 Lee's Rapid Deconstruct  Erth           0%         3d5*      100%        5
 Statue Form              Tmut/Erth      0%         N/A       100%        6


Dungeon Overview and Level Annotations

Branches:
Dungeon (7/15)              Sewer (visited)
 Temple: D:4-7

Altars:
Ashenzari
Fedhas
Gozag
Hepliaklqana
Kikubaaqudgha
Okawaru
Qazlal
Ru
Trog

Shops:
D:4 *


Innate Abilities, Weirdness & Mutations

You have sharp fingernails.
You sometimes gain a little power by taking damage.
When seriously injured, your blood forms armour. (AC +6)
You have very sharp teeth.
You are partially covered in large bone plates. (SH +4)
You are covered in fur. (AC +1)
You occasionally lose the ability to drink potions when taking damage.


Message History

A kobold brigand comes into view.
It is wielding a +0 dagger and quivering curare-tipped darts.
There is a stone staircase leading up here.
Found a blackened filigree amulet.
The kobold brigand shouts!
The kobold brigand throws a curare-tipped dart.
The curare-tipped dart hits you.
You are poisoned.
You have difficulty breathing.
You feel yourself slow down.
Your blood congeals into armour.
You feel very sick.
You feel sick.
You see here a potion of curing.
You feel sick.
The kobold brigand throws a curare-tipped dart.
The curare-tipped dart hits you.
You are more poisoned.
You have difficulty breathing.
You feel as though you will be slow longer.
The kobold brigand throws a curare-tipped dart.
The curare-tipped dart hits you.
You are more poisoned.
You have difficulty breathing.
You feel as though you will be slow longer.
* * * LOW HITPOINT WARNING * * *
You feel extremely sick.
The kobold brigand throws a curare-tipped dart.
The curare-tipped dart hits you.
You are lethally poisoned!
You have difficulty breathing.
* * * LOW HITPOINT WARNING * * *
You focus on the pain.
You feel agile all of a sudden.
You feel as though you will be slow longer.
Found 8 gold pieces.
* * * LOW HITPOINT WARNING * * *
You feel extremely sick. You block the kobold brigand's attack.
The kobold brigand barely misses you.
You closely miss the kobold brigand. Your bite misses the kobold brigand.
You die...
Your body crumbles into a pile of gold.

.$....# ......#
#......# ##......#
#####.......#
##..>........# #.)#
#K......#
##.####@....."#
##.###))###........#
.........)......#.###
###........<..!.# #
#...#..........#
......###########
#..... ...... $
..####


You could see a kobold brigand.

Vanquished Creatures
  Eustachio (D:6)
  A water moccasin (D:5)
  3 black bears
  3 ogres
  2 phantoms (D:4)
  2 bullfrogs
  A necrophage (D:4)
  2 orc priests (D:4)
  4 hounds
  A gnoll bouda (D:4)
  2 jellies
  2 orc wizards
  2 iguanas (D:7)
  Terence (D:2)
  4 gnolls (D:4)
  4 river rats (Sewer)
  8 adders
  2 shadow imps
  4 worms
  6 dart slugs
  22 orcs
  8 endoplasms
  8 giant cockroaches
  8 hobgoblins
  6 jackals
  11 kobolds
  15 quokkas
  14 ball pythons
  8 bats
  3 frilled lizards
  6 goblins
  8 rats
172 creatures vanquished.

Vanquished Creatures (others)
  2 fungi (D:1)
  6 plants
8 creatures vanquished.

Grand Total: 180 creatures vanquished

Notes
Turn   | Place    | Note
-------+----------+-------------------------------------------
     0 | D:1      | GorkyZ the Demonspawn Fighter began the quest for the Orb.
     0 | D:1      | Reached XP level 1. HP: 18/18 MP: 1/1
    26 | D:1      | You fall into a shaft and drop 1 floor!
   141 | D:1      | Gained mutation: You sometimes gain a little power by
                  | taking damage. [demonic ancestry]
   141 | D:1      | Reached XP level 2. HP: 24/24 MP: 2/2
   485 | D:1      | Found a faded altar of an unknown god.
   492 | D:1      | Got Plato's Tractate on Shapes
   976 | D:2      | Reached XP level 3. HP: 28/29 MP: 3/3
  1326 | D:2      | Noticed Terence
  1339 | D:2      | Killed Terence
  1340 | D:2      | Reached skill level 1 in Throwing
  2053 | D:3      | Reached XP level 4. HP: 29/37 MP: 4/4
  2065 | D:3      | Found a large runed translucent door.
  2065 | D:3      | Found a large runed translucent door.
  2371 | D:3      | Found a glowing drain.
  2408 | Sewer    | Entered a sewer
  2704 | Sewer    | Reached skill level 4 in Fighting
  2848 | Sewer    | Reached XP level 5. HP: 35/42 MP: 5/5
  3041 | Sewer    | Gained mutation: Your muscles are strong. (Str +4, Int/Dex
                  | -1) [potion of mutation]
  3041 | Sewer    | Gained mutation: Potions are less effective at restoring
                  | your health. [potion of mutation]
  3041 | Sewer    | Gained mutation: Your mind is acute. (Int +4, Str/Dex -1)
                  | [potion of mutation]
  3042 | Sewer    | Lost mutation: Potions are less effective at restoring your
                  | health. [potion of mutation]
  3042 | Sewer    | Lost mutation: Your mind is acute. (Int +4, Str/Dex -1)
                  | [potion of mutation]
  3042 | Sewer    | Gained mutation: You are somewhat resistant to further
                  | mutation. [potion of mutation]
  3042 | Sewer    | Gained mutation: You are partially covered in large bone
                  | plates. (SH +4) [potion of mutation]
  3857 | D:3      | Found a sacrificial altar of Ru.
  3879 | D:3      | Gained mutation: You have sharp fingernails. [demonic
                  | ancestry]
  3879 | D:3      | Reached XP level 6. HP: 14/49 MP: 6/6
  4329 | D:3      | Found an ancient bone altar of Kikubaaqudgha.
  4360 | D:4      | Found Afum Owate's Assorted Antiques.
  4487 | D:4      | Bought a scratched ivory ring for 130 gold pieces
  4636 | D:4      | Reached skill level 5 in Fighting
  4881 | D:4      | Reached XP level 7. HP: 31/56 MP: 7/7
  5134 | D:4      | Identified the +6 sling of the Demagogue {venom, rC+++
                  | Str-4 Dex+7 Stlth+}
  5148 | D:4      | Reached skill level 5 in Armour
  5925 | D:5      | Entered Level 5 of the Dungeon
  5935 | D:5      | Reached skill level 6 in Fighting
  5935 | D:5      | Gained mutation: When seriously injured, your blood forms
                  | armour. (AC +6) [demonic ancestry]
  5935 | D:5      | Reached XP level 8. HP: 47/64 MP: 8/8
  6022 | D:5      | Found an iron altar of Okawaru.
  6173 | D:5      | Found a blossoming altar of Fedhas.
  6248 | D:5      | Reached skill level 5 in Throwing
  6322 | D:5      | Found a bloodstained altar of Trog.
  6396 | D:5      | Found an opulent altar of Gozag.
  6403 | D:5      | Became a worshipper of Gozag Ym Sagoz the Greedy
  6697 | D:5      | Found a broken altar of Ashenzari.
  7322 | D:6      | Noticed Eustachio
  7325 | D:6      | Found a hazy altar of Hepliaklqana.
  7365 | D:6      | Killed Eustachio
  7366 | D:6      | Reached skill level 7 in Fighting
  7718 | D:6      | Lost mutation: Your muscles are strong. (Str +4, Int/Dex
                  | -1) [potion of mutation]
  7718 | D:6      | Lost mutation: You are somewhat resistant to further
                  | mutation. [potion of mutation]
  7718 | D:6      | Gained mutation: You occasionally lose the ability to drink
                  | potions when taking damage. [potion of mutation]
  7718 | D:6      | Gained mutation: You have very sharp teeth. [potion of
                  | mutation]
  7718 | D:6      | Gained mutation: You are covered in fur. (AC +1) [potion of
                  | mutation]
  7921 | D:6      | Found a stormy altar of Qazlal.
  8059 | D:7      | HP: 1/67 [poisoned by a kobold brigand (curare-tipped
                  | dart)]
  8060 | D:7      | Succumbed to a kobold brigand's curare-tipped dart

Illustrated notes

Levels and vault maps discovered:
D:1:      dpeg_arrival_tiny_g, layout_loops_ring,
          shapermc_ecumenical_altar_rom_forum, hex_large
D:2:      layout_loops_ring, chequers_serial_rivers_micro_d, minmay_tromino_i2,
          uniq_terence
D:3:      wad_crossroads, layout_rooms, nicolae_ru_sacrificial_ziggurat,
          jmf_multi_god_temple2, gup_sewer_entry_pipe, moated_statue
D:4:      layout_basic, serial_shops, nicolae_stop_n_shop_1,
          chequers_serial_rivers_small_a,
          nicolae_concentric_dashed_squares_wild, minmay_misc_feat_more_columns
D:5:      layout_rooms, okawaru_ov_weapons_minmay, mainiacjoe_overflow_alcove_2,
          mainiacjoe_overflow_catwalk_spiral, old_standard_altar
D:6:      layout_rooms, nicolae_hepliaklqana_hazy_memory, grunt_qazlal_clouds,
          uniq_eustachio
D:7:      layout_rooms, minmay_temple_entry_drinking_statues, kennysheep_potato,
          uniq_pikel

Skill      XL: |  1  2  3  4  5  6  7  8 |
---------------+-------------------------+-----
Axes           | 2 |  2.0
Armour         | 3 4 5 6 |  6.6
Throwing       | 1 2 3 4 5 |  5.8
Fighting       | 4 5 6 7 |  7.2
Shields        | |  2.9

Action                   |  1- 3 |  4- 6 |  7- 9 || total
-------------------------+-------+-------+-------++-------
Melee: War axe           |   122 |   314 |    61 ||   497
       Halberd           |       |       |   152 ||   152
       Bite              |       |       |     2 ||     2
Throw: Boomerang         |       |    21 |     5 ||    26
  Use: Scroll            |     6 |       |     8 ||    14
       Potion            |       |     5 |     7 ||    12
Armor: Scale mail        |    52 |       |       ||    52
       Chain mail        |    13 |   183 |   170 ||   366
Dodge: Dodged            |    50 |   116 |    98 ||   264
Block: Buckler           |    28 |   119 |    31 ||   178
       Other             |       |       |    45 ||    45
